 Dungeon Crawl Stone Soup version 0.30-a0-365-ge7f957f1db (webtiles) character file.

Game seed: 4009147471326811947

4461 koil the Grappler (level 10, -1/92 (100) HPs)
             Began as a Troll Berserker on Nov 18, 2022.
             Was an Elder of Trog.
             Slain by a gnoll
             ... wielding a +0 club
             ... led by a gnoll sergeant
              (5 damage)
             ... on level 8 of the Dungeon.
             The game lasted 00:18:16 (5844 turns).

koil the Grappler (Troll Berserker)                 Turns: 5844, Time: 00:18:16

HP:   -1/92 (100)   AC:  6    Str: 31    XL:     10   Next: 15%
MP:   9/9           EV: 11    Int:  9    God:    Trog [****..]
Gold: 439           SH:  0    Dex:  9    Spells: 9/9 levels left

rFire   . . .      SeeInvis +      - Unarmed
rCold   . . .      Faith    .    (no shield)
rNeg    . . .      Spirit   .    a - +0 animal skin
rPois   .          Reflect  .    (helmet restricted)
rElec   .          Harm     .    f - +1 cloak
rCorr   .          Rampage  .    (gloves unavailable)
Will    .....                    (boots unavailable)
Stlth   +.........               x - amulet of the acrobat
HPRegen 1.15/turn                e - +6 ring of intelligence
MPRegen 0.11/turn                k - ring of see invisible

@: confused, on berserk cooldown, slowed, drained, very slow
A: large, unfitting armour, claws 3, regeneration 1, shaggy fur 1, tough skin 1
a: Renounce Religion, Berserk, Trog's Hand, Brothers in Arms


You were on level 8 of the Dungeon.
You worshipped Trog.
Trog was greatly pleased with you.
You visited 1 branch of the dungeon, and saw 8 of its levels.
You also visited: Sewer.

You collected 439 gold pieces.

Inventory:

Hand Weapons
 j - the +6 whip of the Shrinking Traitor {freeze, rPois rF- Will+ rCorr}
   (You found it on level 2 of the Dungeon)

   It freezes those it strikes, dealing additional cold damage.
   It can also slow down cold-blooded creatures.
   rF:        It makes you vulnerable to fire.
   rPois:     It protects you from poison.
   rCorr:     It protects you from acid and corrosion.
   Will:      It increases your willpower.
 s - the +10 hand axe of the Building Moth {flame, rElec Str+2 Int-5}
   (You found it on level 4 of the Dungeon)

   It burns those it strikes, dealing additional fire damage.
   Big, fiery blades are also staple armaments of hydra-hunters.
   Str:       It affects your strength (+2).
   Int:       It affects your intelligence (-5).
   rElec:     It insulates you from electricity.
Missiles
 g - 3 atropa-tipped darts
 t - 4 poisoned darts (quivered)
 u - a curare-tipped dart {!f}
 C - a throwing net {!f}
 G - 2 silver javelins {!f}
Armour
 a - a +0 animal skin (worn)
 f - a +1 cloak (worn)
Jewellery
 e - a +6 ring of intelligence (left claw)
 k - a ring of see invisible (right claw)
 x - an amulet of the acrobat (around neck)
 y - a ring of magical power
Scrolls
 b - a scroll of fog {unknown}
 c - 2 scrolls of enchant weapon
 h - a scroll of summoning {unknown}
 i - 2 scrolls of fear {unknown}
 p - a scroll of teleportation
 w - a scroll of vulnerability
Potions
 d - 3 potions of flight
 l - 3 potions of cancellation
 m - 4 potions of curing
 n - a potion of resistance
 r - a potion of mutation {unknown}
 v - 3 potions of might
 A - a potion of berserk rage {unknown}
 B - a potion of attraction {unknown}
 E - a potion of degeneration {unknown}
 F - 2 potions of lignification


   Skills:
 + Level 6.7 Fighting
 + Level 6.0 Armour
 + Level 6.7 Dodging
 + Level 8.1 Unarmed Combat


You had 9 spell levels left.
You didn't know any spells.
Your spell library was empty.

Dungeon Overview and Level Annotations

Branches:
Dungeon (8/15)             Temple (0/1) D:5           Sewer (visited)
   Lair: D:8-11

Altars:
Cheibriados

Portals:
Bailey: D:8

Annotations:
D:8 Maggie, Pikel


Innate Abilities, Weirdness & Mutations

You are too large for most types of armour.
You have claws for hands.
Your natural rate of healing is unusually fast.
You are covered in fur. (AC +1)
You have tough skin. (AC +1)


Message History

The orc wizard is almost dead.
Unknown command.
You closely miss the orc wizard.
The orc wizard is almost dead.
The gnoll closely misses you. The wight barely misses you. x2
The orc wizard points at you and mumbles some strange words.
You easily resist.
Unknown command.
You barely miss the gnoll.
The black bear growls angrily.
Unknown command.
You bump into the rock wall.
The gnoll barely misses you.
The orc wizard hits you with a +0 dagger.
* * * LOW HITPOINT WARNING * * *
The wight barely misses you.
The wight hits you from afar with a +3 spear!
* * * LOW HITPOINT WARNING * * *
You feel drained.
* * * LOW HITPOINT WARNING * * *
You mangle the orc wizard!!
You kill the orc wizard!
Trog accepts your kill.
Trog appreciates your killing of a magic user.
The gnoll hits you with a +0 club.
* * * LOW HITPOINT WARNING * * *
The wight hits you from afar with a +3 spear.
* * * LOW HITPOINT WARNING * * *
You feel drained.
* * * LOW HITPOINT WARNING * * *
The wight misses you.
You bump into the rock wall.
You are no longer berserk.
You are exhausted.
You feel yourself slow down.
Unknown command.
You bump into the rock wall.
The wight closely misses you.
The wight hits you from afar with a +3 spear.
* * * LOW HITPOINT WARNING * * *
The gnoll hits you with a +0 club.
You die...

.. ..# .#
...# ..# ...
..## #..
#..##..
...og #[#g#
######<#@#
#.?....z)#
#......z.#
#........#
#...h....#
#........#
.#
..........#
..
###.........
#.
#........#.
#.


You could see a black bear, 2 wights, 2 gnolls and an orc.

Vanquished Creatures
  Joseph (D:8)
  The ghost of Lobster4 the Conjurer, an amateur DrCj (D:5)
  Prince Ribbit (D:5)
  Grinder (D:4)
  Eustachio (D:5)
  A steam dragon (D:7)
  An acid dragon (D:8)
  2 water moccasins
  4 sky beasts
  A black bear (D:7)
  An orc warrior (D:6)
  3 ogres
  3 phantoms
  3 centaurs
  2 kobold brigands (Sewer)
  2 bullfrogs
  2 scorpions
  A necrophage (D:6)
  A gnoll sergeant (D:5)
  2 wights (D:8)
  A killer bee (D:7)
  A howler monkey (D:8)
  6 jellies
  7 hounds
  5 orc priests
  A gnoll bouda (D:6)
  An iguana (D:5)
  8 orc wizards
  6 gnolls
  7 adders
  A river rat (Sewer)
  A white imp (D:5)
  An ufetubus (D:5)
  3 worms
  5 dart slugs
  18 orcs
  16 endoplasms
  7 giant cockroaches
  9 goblins
  7 hobgoblins
  6 jackals (D:1)
  2 quokkas (D:4)
  8 ball pythons
  4 bats
  A frilled lizard (D:2)
  8 kobolds
  8 rats
  5 plants (D:3)
187 creatures vanquished.

Notes
Turn   | Place    | Note
-------+----------+-------------------------------------------
     0 | D:1      | koil the Troll Berserker began the quest for the Orb.
     0 | D:1      | Reached XP level 1. HP: 22/22 MP: 0/0
   138 | D:1      | Reached XP level 2. HP: 29/29 MP: 1/1
   302 | D:1      | Reached ** piety under Trog
   340 | D:1      | Reached skill level 1 in Armour
   340 | D:1      | Reached XP level 3. HP: 26/36 MP: 2/2
   775 | D:2      | Found a faded altar of an unknown god.
   928 | D:2      | Reached XP level 4. HP: 31/44 MP: 3/3
  1035 | D:2      | Identified the +6 whip of the Shrinking Traitor {freeze,
                  | rPois rF- Will+ rCorr}
  2098 | D:3      | Reached XP level 5. HP: 53/53 MP: 4/4
  2142 | D:3      | Reached *** piety under Trog
  2301 | D:3      | Reached skill level 4 in Unarmed Combat
  2594 | D:4      | Noticed an ogre
  2599 | D:4      | Killed an ogre
  2600 | D:4      | Reached XP level 6. HP: 61/61 MP: 5/5
  2601 | D:4      | Noticed Grinder
  2621 | D:4      | Killed Grinder
  2622 | D:4      | Reached XP level 7. HP: 31/68 MP: 6/6
  2664 | D:4      | Found a glowing drain.
  2688 | D:4      | Identified the +10 hand axe of the Building Moth {flame,
                  | rElec Str+2 Int-5}
  2699 | Sewer    | Entered a sewer
  2788 | Sewer    | Reached skill level 5 in Unarmed Combat
  2810 | Sewer    | Found a white marble altar of Elyvilon.
  3157 | D:5      | Entered Level 5 of the Dungeon
  3177 | D:5      | Noticed Lobster4's ghost (amateur DrCj)
  3272 | D:5      | Found a runed translucent door.
  3325 | D:5      | Reached XP level 8. HP: 77/79 MP: 7/7
  3505 | D:5      | Noticed Prince Ribbit
  3511 | D:5      | Killed Prince Ribbit
  3512 | D:5      | Reached skill level 5 in Dodging
  3512 | D:5      | Reached skill level 6 in Unarmed Combat
  3529 | D:5      | Noticed Eustachio
  3532 | D:5      | Reached **** piety under Trog
  3533 | D:5      | Reached skill level 5 in Fighting
  3581 | D:5      | Killed Eustachio
  3597 | D:5      | Found a staircase to the Ecumenical Temple.
  3979 | D:5      | Found a snail-covered altar of Cheibriados.
  4011 | D:5      | Killed Lobster4's ghost
  4012 | D:5      | Reached XP level 9. HP: 88/88 MP: 8/8
  4315 | D:6      | Reached skill level 5 in Armour
  4358 | D:6      | Reached skill level 7 in Unarmed Combat
  4380 | D:6      | HP: 17/89 [hound (2)]
  5476 | D:8      | Noticed Joseph
  5493 | D:8      | Killed Joseph
  5563 | D:8      | Reached XP level 10. HP: 38/100 MP: 9/9
  5626 | D:8      | Found a flagged portal.
  5635 | D:8      | Noticed Maggie
  5639 | D:8      | Noticed Pikel
  5651 | D:8      | HP: 16/100 [Maggie/+0 broad axe (16)]
  5724 | D:7      | Reached skill level 8 in Unarmed Combat
  5836 | D:8      | HP: 28/148 [wight/+3 spear (5)]
  5841 | D:8      | HP: 24/145 [orc wizard/+0 dagger (2)]
  5842 | D:8      | HP: 10/141 [gnoll/+0 club[a gnoll sergeant] (3)]
  5844 | D:8      | HP: 4/92 [wight/+3 spear (3)]
  5844 | D:8      | Slain by a gnoll

Illustrated notes

Levels and vault maps discovered:
D:1:      dpeg_arrival_simpleton_c, layout_loops_ring
D:2:      minmay_general_purpose_star, layout_basic,
          nicolae_ecumenical_snake_handling
D:3:      layout_loops_ring, grunt_ministairs_8, serial_bayou_crossing
D:4:      layout_basic, cheibrodos_sewer_entry_sluice, uniq_grinder
D:5:      layout_loops_ring, kennysheep_mini_moat, temple_green,
          hellmonk_ghost_happy_afterlife, uniq_prince_ribbit1, uniq_eustachio
D:6:      layout_loops_ring
D:7:      layout_gridville
D:8:      layout_rooms, enter_bailey_6, uniq_pikel, uniq_gastronok, uniq_maggie,
          uniq_joseph

Skill      XL: |  1  2  3  4  5  6  7  8  9 10 |
---------------+-------------------------------+-----
Armour         | 1 2 3 4 5 6 |  6.0
Dodging        | 3 4 5 6 |  6.7
Fighting       | 3 4 5 6 |  6.7
Unarmed Combat | 4 5 6 7 8 |  8.1

Action                   |  1- 3 |  4- 6 |  7- 9 | 10-12 || total
-------------------------+-------+-------+-------+-------++-------
Melee: Unarmed           |   104 |   130 |   313 |    43 ||   590
       Punch             |     1 |     1 |     5 |     3 ||    10
Invok: Berserk           |       |     1 |     3 |     1 ||     5
       Trog's Hand       |       |     1 |       |     1 ||     2
       Brothers in Arms  |       |       |     1 |       ||     1
  Use: Scroll            |       |       |    13 |     1 ||    14
       Potion            |       |       |       |     3 ||     3
Armor: Animal skin       |    33 |    42 |    80 |    22 ||   177
Dodge: Dodged            |    44 |    54 |   207 |    82 ||   387

Table legend: (Time is in decaauts)
 A = Elapsed time spent in this place.
 B = Non-inter-level travel time spent in this place.
 C = Inter-level travel time spent in this place.
 D = Time resting spent in this place.
 E = Time spent auto-exploring this place.
 F = Levels seen in this place.
 G = Mean time per level.
                   A        B        C        D        E       F      G
               +--------+--------+--------+--------+--------+-----+--------+
         Total |   5847 |   5608 |    239 |    540 |   3762 |   9 |  649.7 |
       Dungeon |   5674 |   5435 |    239 |    540 |   3642 |   8 |  709.2 |
         Sewer |    173 |    173 |      0 |      0 |    120 |   1 |  173.0 |
               +--------+--------+--------+--------+--------+-----+--------+

Top non-repeatable levels by time:
     D:6: 1043 daAuts
     D:2: 1004 daAuts
     D:5: 882 daAuts
     D:1: 760 daAuts
     D:3: 758 daAuts
     D:7: 509 daAuts
     D:4: 479 daAuts
     D:8: 235 daAuts
   Sewer: 173 daAuts
